 Dungeon Crawl Stone Soup version 0.28.0 (webtiles) character file.

Game seed: 6413934491712072772

28 HallandMoats the Skirmisher (level 3, -3/33 HPs)
             Began as a Ghoul Monk on Feb 7, 2022.
             Slain by a worm (11 damage)
             ... on level 2 of the Dungeon.
             The game lasted 00:00:45 (1280 turns).

HallandMoats the Skirmisher (Ghoul Monk)            Turns: 1280, Time: 00:00:45

Health: -3/33      AC:  2    Str: 16    XL:     3   Next: 12%
Magic:  2/2        EV: 12    Int:  5    God:
Gold:   78         SH:  0    Dex: 11    Spells: 2/2 levels left

rFire   . . .      SeeInvis .     - Unarmed
rCold   + . .      Faith    .   (no shield)
rNeg    + + +      Spirit   .   a - +0 robe
rPois   ∞          Reflect  .   (no helmet)
rElec   .          Harm     .   (no cloak)
rCorr   .          Rampage  .   (no gloves)
Will    .....                   (no boots)
Stlth   ++........              (no amulet)
HPRegen 0.00/turn               (no ring)
MPRegen 0.08/turn               (no ring)

@: inhibited regen
A: claws 1, cold resistance 1, negative energy resistance 3, inhibited
regeneration, torment resistance 2
a: no special abilities


You were on level 2 of the Dungeon.
You visited 1 branch of the dungeon, and saw 2 of its levels.

You collected 78 gold pieces.

Inventory:

Armour
 a - a +0 robe (worn)
Scrolls
 c - 2 scrolls of teleportation {unknown}
 d - a scroll of fog {unknown}
 g - a scroll of torment {unknown}
Potions
 b - 5 potions of curing {unknown}
 e - 3 potions of invisibility {unknown}
 f - 2 potions of heal wounds {unknown}


   Skills:
 + Level 3.6 Fighting
 + Level 1.0 Armour
 + Level 3.0 Dodging
 - Level 2.1 Stealth
 + Level 3.6 Unarmed Combat


You had 2 spell levels left.
You didn't know any spells.
Your spell library contained the following spells:

 Spells                   Type           Power      Damage    Failure   Level
 Slow                     Hex            0%         N/A       47%         1
 Confusing Touch          Hex            0%         N/A       85%         3
 Vampiric Draining        Necr           0%         2d6       85%         3


Dungeon Overview and Level Annotations

Branches:
Dungeon (2/15)

Altars:


Innate Abilities, Weirdness & Mutations

You thrive by killing the living.
You are immune to poison.
You have sharp fingernails.
Your flesh is cold resistant. (rC+)
You are immune to negative energy. (rN+++)
You do not regenerate when monsters are visible.
You are immune to unholy pain and torment.


Message History

No target in view!
No target in view!
No target in view!
No target in view!
No target in view!
HP restored.
You see here a +0 whip.
A worm comes into view.
A worm is nearby!
A worm is nearby!
A worm is nearby!
The worm bites you but does no damage.
You scratch the worm.
The worm is lightly wounded.
The worm bites you!
You barely miss the worm.
The worm is lightly wounded.
You scratch the worm.
The worm is heavily wounded.
The worm bites you!
You are too injured to fight recklessly!
You are too injured to fight recklessly!
You are too injured to fight recklessly!
You are too injured to fight recklessly!
You are too injured to fight recklessly!
You are too injured to fight recklessly!
You are too injured to fight recklessly!
A worm is nearby!
A worm is nearby!
A worm is nearby!
You scratch the worm but do no damage.
The worm is moderately wounded.
You barely miss the worm.
The worm is moderately wounded.
The worm bites you!
* * * LOW HITPOINT WARNING * * *
You claw the worm!
The worm is almost dead.
The worm bites you!
You die...

# #..#...####....#.#.##+###
#.#...........<....#......##
#.#..........................
#........####....#.#......###
##.......# ######.#......+
#.......+ ..# #.#......#
#.......# #.# #.#.#......
##.......# #w####'#+#.######
##....##### #@##.......#
#.........# #.##.......##
#.........# #.##........#
#.........# #.##........#
#...<.....# #.##........#
#.........# #.##........#
#.........####.##.......##
#.........+..#.####'#'#.#
#.........##.#.####.#.#.#


You could see a worm.

Vanquished Creatures
  2 dart slugs
  3 bats (D:1)
  2 endoplasms
  3 hobgoblins (D:1)
  3 jackals (D:1)
  3 kobolds
  A ball python (D:1)
  A frilled lizard (D:1)
  A goblin (D:1)
  3 rats (D:1)
22 creatures vanquished.

Notes
Turn   | Place    | Note
-------+----------+-------------------------------------------
     0 | D:1      | HallandMoats the Ghoul Monk began the quest for the Orb.
     0 | D:1      | Reached XP level 1. HP: 19/19 MP: 0/0
   277 | D:1      | Reached XP level 2. HP: 24/26 MP: 1/1
  1109 | D:2      | Reached XP level 3. HP: 31/31 MP: 2/2
  1179 | D:2      | Reached skill level 1 in Armour
  1280 | D:2      | Slain by a worm

Illustrated notes

Levels and vault maps discovered:
D:1:      onia_arrival_pyramid, layout_basic
D:2:      layout_basic

Skill      XL: |  1  2  3 |
---------------+----------+-----
Dodging        | 3 |  3.0
Armour         | 1 |  1.0
Fighting       | |  3.6
Stealth        | |  2.1
Unarmed Combat | |  3.6

Action                   || total
-------------------------++-------
Melee: Unarmed           ||    65
       Punch             ||     2
 Stab: Sleeping          ||     4
Armor: Robe              ||    15
Dodge: Dodged            ||    36
